 Dungeon Crawl Stone Soup version 0.27-a0-652-g2d5cf1dcd3 (webtiles) character file.

Game seed: 17791905239683220693

81 Allula97 the Insei (level 4, 0/32 HPs)
             Began as a Demonspawn Transmuter on Mar 16, 2021.
             Was an Initiate of Gozag.
             Succumbed to an adder's poison
             ... on level 2 of the Dungeon.
             The game lasted 00:05:31 (3257 turns).

Allula97 the Insei (Demonspawn Transmuter)          Turns: 3257, Time: 00:05:32

Health: 0/32       AC:  9    Str: 11    XL:     4   Next: 20%
Magic:  7/7        EV:  5    Int: 14    God:    Gozag
Gold:   67         SH:  0    Dex: 16    Spells: 1/7 levels left

rFire    . . .     SeeInvis .     - Unarmed
rCold    . . .     Faith    .   (no shield)
rNeg     . . .     Spirit   .   f - +0 chain mail
rPois    .         Reflect  .   (helmet restricted)
rElec    .         Harm     .   (no cloak)
rCorr    .         Rampage  .   c - +0 pair of gloves
Will     .....                  (no boots)
Stlth    ..........             (no amulet)
HPRegen  0.10/turn              (no ring)
MPRegen  0.10/turn              (no ring)

@: lethally poisoned (0 -> -2)
A: antennae 1, thin skeletal structure 1
a: Renounce Religion, Potion Petition, Call Merchant, Bribe Branch


You were on level 2 of the Dungeon.
You worshipped Gozag.
Gozag was noncommittal.
You visited 1 branch of the dungeon, and saw 2 of its levels.

You collected 101 gold pieces.
You paid 34 gold pieces to Gozag.

Inventory:

Missiles
 d - 8 atropa-tipped darts
Armour
 c - a +0 pair of gloves (worn)
 e - a +0 ring mail
 f - a +0 chain mail (worn)
Scrolls
 a - a scroll of amnesia {unknown}
 b - 3 scrolls of identify {unknown}
 g - 2 scrolls of blinking {unknown}


   Skills:
 * Level 1.3 Fighting
 * Level 1.0 Armour
 * Level 2.2 Dodging
 * Level 0.9 Stealth
 * Level 3.5 Unarmed Combat
 * Level 2.1 Spellcasting
 * Level 2.1 Transmutations


You had one spell level left.
You knew the following spells:

 Your Spells              Type           Power      Damage    Failure   Level
a - Beastly Appendage     Tmut           14%        N/A       99%         1
b - Wereblood             Tmut           7%         N/A       100%        2
c - Spider Form           Tmut/Pois      2%         N/A       100%        3

Your spell library contained the following spells:

 Spells                   Type           Power      Damage    Failure   Level
 Ice Form                 Ice/Tmut       4%         N/A       100%        4
 Blade Hands              Tmut           3%         N/A       100%        5


Dungeon Overview and Level Annotations

Branches:
Dungeon (2/15)

Altars:
Gozag


Innate Abilities, Weirdness & Mutations

You have a pair of small antennae on your head.
You have a somewhat thin skeletal structure. (Dex +2, Stealth)


Message History

* * * LOW HITPOINT WARNING * * *
You feel sick.
Found 13 gold pieces.
You aren't carrying any potions.
* * * LOW HITPOINT WARNING * * *
You feel sick.
* * * LOW HITPOINT WARNING * * *
You feel sick.
* * * LOW HITPOINT WARNING * * *
You feel sick.
Found a gold piece.
* * * LOW HITPOINT WARNING * * *
You feel sick.
* * * LOW HITPOINT WARNING * * *
You feel sick.
Found 2 gold pieces.
Found an opulent altar of Gozag.
Found a gold piece.
You see here a gold piece.
* * * LOW HITPOINT WARNING * * *
You feel sick.
You see here a gold piece.
* * * LOW HITPOINT WARNING * * *
You feel sick.
There is an opulent altar of Gozag here.
You kneel at the altar of Gozag.
Gozag welcomes you!
You pay a service fee of 34 gold.
You need at least 400 gold to purchase potions right now!
Unknown command.
Press < or > to pray at altars.
There is a lethal amount of poison in your body!
* * * LOW HITPOINT WARNING * * *
You feel sick.
You see here a gold piece.
* * * LOW HITPOINT WARNING * * *
You feel sick.
You see here a gold piece.
You see here a gold piece.
You die...
Your body crumbles into a pile of gold.

#.# #.# #.#
########.#
#.....##.#
#........#
#..$..##.# #...#
#.# #.@.# #(#
#...# #†# #.$.#
#.#
######...###.####
.......$........#
#######.####.#.##
#.$.#...#.#
#$.$##..# #
#8_8##..#


There were no monsters in sight!

Vanquished Creatures
  3 adders (D:2)
  A worm (D:2)
  A dart slug (D:1)
  3 leopard geckos
  A ball python (D:2)
  4 giant cockroaches
  4 goblins (D:1)
  4 hobgoblins
  3 jackals (D:2)
  6 kobolds
  6 bats (D:1)
  2 frilled lizards
  6 rats
44 creatures vanquished.

Notes
Turn   | Place    | Note
-------+----------+-------------------------------------------
     0 | D:1      | Allula97 the Demonspawn Transmuter began the quest for the
                  | Orb.
     0 | D:1      | Reached XP level 1. HP: 15/15 MP: 3/3
   380 | D:1      | Reached skill level 3 in Unarmed Combat
   380 | D:1      | Lost mutation: You have a pair of horns on your head.
                  | [demonic ancestry]
   380 | D:1      | Lost mutation: You have a pair of small horns on your head.
                  | [demonic ancestry]
   380 | D:1      | Gained mutation: You have a pair of small antennae on your
                  | head. [demonic ancestry]
   380 | D:1      | Reached XP level 2. HP: 15/21 MP: 3/5
  1526 | D:1      | Reached XP level 3. HP: 20/26 MP: 4/6
  1766 | D:1      | Learned a level 2 spell: Wereblood
  1770 | D:1      | Learned a level 3 spell: Spider Form
  3216 | D:2      | Gained mutation: You have a somewhat thin skeletal
                  | structure. (Dex +2, Stealth) [demonic ancestry]
  3216 | D:2      | Reached XP level 4. HP: 24/32 MP: 7/7
  3236 | D:2      | Reached skill level 1 in Armour
  3243 | D:2      | Found an opulent altar of Gozag.
  3249 | D:2      | Became a worshipper of Gozag Ym Sagoz the Greedy
  3250 | D:2      | HP: 1/32 [poisoned by an adder]
  3257 | D:2      | Succumbed to an adder's poison

Illustrated notes

Levels and vault maps discovered:
D:1:      lightli_arrival_statuegarden, layout_basic, st_stairs_6,
          chequers_serial_rivers_small_b
D:2:      layout_basic, grunt_gozag_breadcrumbs

Skill      XL: |  1  2  3  4 |
---------------+-------------+-----
Unarmed Combat | 3 |  3.5
Dodging        | 2 |  2.2
Transmutations | 2 |  2.1
Armour         | 1 |  1.0
Fighting       | |  1.3
Stealth        | |  0.9
Spellcasting   | |  2.1

Action                   |  1- 3 |  4- 6 || total
-------------------------+-------+-------++-------
Melee: Unarmed           |   204 |    15 ||   219
       Punch             |     1 |     1 ||     2
       Headbutt          |     1 |       ||     1
       Kick              |     2 |       ||     2
 Cast: Beastly Appendage |     4 |       ||     4
  Use: Potion            |     1 |       ||     1
Armor: Robe              |    31 |       ||    31
       Chain mail        |    31 |    10 ||    41
       Ring mail         |    14 |       ||    14
Dodge: Dodged            |   125 |     5 ||   130

Table legend: (Time is in decaauts)
 A = Elapsed time spent in this place.
 B = Non-inter-level travel time spent in this place.
 C = Inter-level travel time spent in this place.
 D = Time resting spent in this place.
 E = Time spent auto-exploring this place.
 F = Levels seen in this place.
 G = Mean time per level.
                   A        B        C        D        E       F      G
               +--------+--------+--------+--------+--------+-----+--------+
         Total |   3245 |   3098 |    147 |     22 |   2407 |   2 | 1622.5 |
       Dungeon |   3245 |   3098 |    147 |     22 |   2407 |   2 | 1622.5 |
               +--------+--------+--------+--------+--------+-----+--------+

Top non-repeatable levels by time:
     D:1: 2307 daAuts
     D:2: 938 daAuts
